 Dungeon Crawl Stone Soup version 0.31-a0-662-g684573625c (webtiles) character file.

Game seed: 10074286153304223900

7 2FriedEggs the Changeling (level 2, 17/17 HPs)
             Began as an Ogre Shapeshifter on Sept 1, 2023.
             Was a Follower of Okawaru.
             Quit the game on level 1 of the Dungeon.
             The game lasted 00:00:48 (365 turns).

2FriedEggs the Changeling (Ogre Shapeshifter)        Turns: 365, Time: 00:00:50

Health: 17/17      AC:  3    Str: 17    XL:     2   Next: 4%
Magic:  2/2        EV:  9    Int: 11    God:    Okawaru [*.....]
Gold:   49         SH:  0    Dex:  8    Spells: 1/1 levels left

rFire   . .          .
                       - Unarmed
rCold   . . .        (shield currently unavailable)
rNeg    . . .        a - +0 animal skin
rPois   .            (helmet restricted)
rElec   .            (no cloak)
rCorr   .            (gloves unavailable)
SInv    .            (boots unavailable)
Will    .....        (no amulet)
Stlth   +            (no ring)
HPRegen 0.22/turn    (no ring)
MPRegen 0.08/turn

%: no passive effects
@: flux-form, glowing
A: glow, contaminating, reduced hp, large, unfitting armour, tough skin 1
a: Begin Untransformation, Renounce Religion, Heroism


You were on level 1 of the Dungeon.
You worshipped Okawaru.
Okawaru was aware of your devotion.
You were something dangerously unstable.
You visited 1 branch of the dungeon, and saw 1 of its levels.

You collected 49 gold pieces.

Inventory:

Armour
 a - a +0 animal skin (worn)
Talismans
 c - a beast talisman
 d - a flux talisman (active)
Scrolls
 f - a scroll of poison {unknown}
 g - a scroll of noise {unknown}
 h - a scroll of brand weapon {unknown}
 i - a scroll of immolation
 j - a scroll of fog {unknown}
 k - a scroll of identify {unknown}
Potions
 b - a potion of lignification
 e - a potion of curing {unknown}


   Skills:
 + Level 1.7 Fighting
 - Level 1.7 Dodging
 * Level 2.9 Unarmed Combat
 * Level 3.1 Shapeshifting


You had one spell level left.
You didn't know any spells.
Your spell library was empty.

Dungeon Overview and Level Annotations

Branches:
Dungeon (1/15)

Altars:
Okawaru


Innate Abilities, Weirdness & Mutations

You are something dangerously unstable.
You glow with magical radiation, making you easy to see and hit.
Foes you strike become dangerously contaminated with magical radiation.
Your maximum health is decreased, since you lack skill for your form.
You are incapable of wielding weapons or throwing items.
You are too large for most types of armour.
You have tough skin. (AC +1)


Message History

The jackal bites you but does no damage.
You hit the jackal but do no damage.
The jackal begins to glow.
The jackal bites you. The jackal barely misses you.
You hit the jackal.
The jackal glows dangerously bright.
The jackal is severely wounded.
The jackal bites you but does no damage.
You hit the jackal.
The jackal shudders as magic cascades through it.
You kill the jackal!
You have reached level 2!
No target in view!
No target in view!
No target in view!
No target in view!
No target in view!
No target in view!
No target in view!
No target in view!
No target in view!
No target in view!
No target in view!
Unknown command.
h - a scroll labelled GIDEUF QOEGH You see here a +0 dagger.
i - a scroll of immolation
There is a faded altar of an unknown god here.
Found a trident.
You now have 49 gold pieces (gained 6).
j - a scroll labelled HYWIMYSEPS You see here a +0 trident.
k - a scroll labelled BOIC PAFYWIGHOWN
There is a faded altar of an unknown god here.
There is a faded altar of an unknown god here.
You can't go down here!
There is a faded altar of an unknown god here.
This altar belongs to (a) Dithmenos, (b) Okawaru or (c) Jiyva, but you can't tell which.
Press the corresponding letter to learn more about a god, or press enter to convert or escape to cancel.
Okawaru accepts your prayer! Okawaru welcomes you!
You can now gain great but temporary skills.
Are you sure you want to abandon this character and quit the game? (Confirm with "yes".)

####.................
####.....#..#####.######
#.....†.......###...#
#.#.)..+##..#..####.#
#.#.#.....#....# #.####
#.#.†..........# #.....
#..#†)#.#...#..## ######
##.#.............#
#..#.#..B........#
#...#..........#.#
#...#.#...#....#.###
#......(...........#
#...#...#........#.#
#....#.#.....).#.#.#
#..............#.#.######
#.###.#####.####.#.......
#.....# #.# #.#..#####


There were no monsters in sight!

Vanquished Creatures
  An endoplasm (D:1)
  A goblin (D:1)
  2 jackals (D:1)
  A quokka (D:1)
  A rat (D:1)
6 creatures vanquished.

Notes
Turn   | Place    | Note
-------+----------+-------------------------------------------
     0 | D:1      | 2FriedEggs the Ogre Shapeshifter began the quest for the
                  | Orb.
     0 | D:1      | Reached XP level 1. HP: 19/19 MP: 1/1
   231 | D:1      | Found a faded altar of an unknown god.
   245 | D:1      | Reached XP level 2. HP: 12/28 MP: 2/2
   364 | D:1      | Prayed at the altar of an unknown god.
   364 | D:1      | Became a worshipper of Warmaster Okawaru
   364 | D:1      | Reached * piety under Okawaru
   365 | D:1      | Quit the game

Illustrated notes

Levels and vault maps discovered:
D:1:      psy_arrival_fountain, layout_basic, hellmonk_ecumenical_altar_blasted

Action                     || total
---------------------------++-------
  Melee: Unarmed           ||    22
 Armour: Animal skin       ||     9
  Dodge: Dodged            ||    15
   Form: Flux              ||     1

Table legend: (Time is in decaauts)
 A = Elapsed time spent in this place.
 B = Non-inter-level travel time spent in this place.
 C = Inter-level travel time spent in this place.
 D = Time resting spent in this place.
 E = Time spent auto-exploring this place.
 F = Levels seen in this place.
 G = Mean time per level.
                   A        B        C        D        E       F      G
               +--------+--------+--------+--------+--------+-----+--------+
         Total |    363 |    345 |     18 |      0 |    275 |   1 |  363.0 |
       Dungeon |    363 |    345 |     18 |      0 |    275 |   1 |  363.0 |
               +--------+--------+--------+--------+--------+-----+--------+

Top non-repeatable levels by time:
     D:1: 363 daAuts
